 Dungeon Crawl Stone Soup version 0.26-a0-1138-gef23d1325b (webtiles) character file.

Game seed: 17784960189066607466

62076 Froggeryz the Slicer (level 15, -14/96 (103) HPs)
             Began as a Halfling Gladiator on Dec 21, 2020.
             Was the Champion of Okawaru.
             Demolished by an orc knight
             ... wielding a +0 great mace
              (30 damage)
             ... on level 2 of the Orcish Mines.
             The game lasted 00:42:01 (27184 turns).

Froggeryz the Slicer (Halfling Gladiator)          Turns: 27184, Time: 00:42:02

HP:   -14/96 (103)  AC: 18    Str: 20    XL:     15   Next: 44%
MP:   21/21         EV: 12    Int:  6    God:    Okawaru [******]
Gold: 1849          SH:  8    Dex: 18    Spells: 23/23 levels left

rFire    . . .     SeeInvis .   J - +2 rapier (elec)
rCold    . . .     Faith    +   j - +0 buckler
rNeg     . . .     Spirit   .   E - +2 chain mail {rPois}
rPois    +         Reflect  .   f - +0 helmet
rElec    .         Harm     .   T - +2 cloak {Stlth+}
rCorr    .         Rampage  .   o - +1 pair of gloves {archery}
Will     ++...                  r - +0 pair of boots
Stlth    ..........             h - amulet of faith
HPRegen  0.26/turn              L - ring of willpower
MPRegen  0.17/turn              W - +4 ring of slaying

@: corroded, studying Translocations, drained
A: small, mutation resistance 1
a: Renounce Religion, Heroism, Finesse


You were on level 2 of the Orcish Mines.
You worshipped Okawaru.
Okawaru was exalted by your worship.
You visited 4 branches of the dungeon, and saw 19 of its levels.
You also visited: Sewer.

You collected 1849 gold pieces.

Inventory:

Hand Weapons
 B - a +2 rapier of protection
 I - the +3 demon blade of the Enemy {drain, Will+ Str+3 SInv}
   (Okawaru gifted it to you on level 5 of the Lair of Beasts)

   A truly terrible weapon, it drains the life of those it strikes.
   It affects your strength (+3).
   It affects your willpower, your defense against some magical effects.
   It lets you see invisible.
 J - a +2 rapier of electrocution (weapon)
 M - the +1 dagger "Ucafaiph" {holy, +Rage rC+ Dex+3}
   (Okawaru gifted it to you on level 2 of the Lair of Beasts)

   It has been blessed by the Shining One to cause great damage to the undead
   and demons.
   It affects your dexterity (+3).
   It protects you from cold.
   It lets you go berserk.
 R - a +4 quick blade of freezing
Missiles
 d - 4 throwing nets
 H - 54 poisoned darts (quivered)
Armour
 f - a +0 helmet (worn)
 j - a +0 buckler (worn)
 m - a +1 cloak of poison resistance
 o - a +1 pair of gloves of archery (worn)
 r - a +0 pair of boots (worn)
 E - a +2 chain mail of poison resistance (worn)
 T - a +2 cloak of stealth (worn)
Jewellery
 h - an amulet of faith (around neck)
 F - an uncursed ring of fire
 G - a +6 ring of dexterity
 L - a ring of willpower (left hand)
 Q - an uncursed amulet of magic regeneration {unknown}
 W - a +4 ring of slaying (right hand)
 X - an uncursed amulet of reflection {unknown}
Wands
 i - a wand of acid (18)
 k - a wand of enslavement (9)
 y - a wand of polymorph (12)
 K - a wand of random effects (17)
 N - a wand of flame (23)
 O - a wand of paralysis (19)
 U - a wand of iceblast (6)
Scrolls
 c - 6 scrolls of identify
 n - a scroll of teleportation
 p - 5 scrolls of amnesia
 q - 7 scrolls of magic mapping
 t - 4 scrolls of remove curse
 w - 3 scrolls of fog
 x - 5 scrolls of blinking
 A - 7 scrolls of enchant armour
 D - 3 scrolls of immolation
 P - a scroll of fear
 V - a scroll of summoning
Potions
 b - 5 potions of magic
 e - 3 potions of heal wounds
 g - 2 potions of invisibility
 l - 8 potions of curing
 s - 3 potions of lignification
 u - 6 potions of flight
 v - 6 potions of might
 z - 4 potions of haste
 C - 2 potions of mutation
 S - a potion of ambrosia
Books
 a - a manual of Translocations


   Skills:
 - Level 10.2 Fighting
 - Level 14.0(15.8) Short Blades
 * Level 11.0(13.1) Long Blades
 - Level 4.1 Throwing
 - Level 10.2 Armour
 - Level 3.2 Dodging
 - Level 10.5 Shields
 - Level 4.5 Spellcasting
 - Level 6.5 Invocations
 - Level 7.2 Evocations


You had 23 spell levels left.
You didn't know any spells.
Your spell library contained the following spells:

 Spells                   Type           Power        Failure   Level
 Corona                   Hex            1%           92%         1
 Sting                    Tmut/Pois      4%           92%         1
 Ensorcelled Hibernation  Hex/Ice        2%           98%         2
 Poisonous Vapours        Pois/Air       2%           98%         2
 Confusing Touch          Hex            1%           100%        3
 Dazzling Flash           Conj/Hex       2%           100%        3
 Ignite Poison            Fire/Tmut/Pois 1%           100%        3
 Mephitic Cloud           Conj/Pois/Air  1%           100%        3
 Static Discharge         Conj/Air       1%           100%        3
 Tukima's Dance           Hex            1%           100%        3
 Animate Dead             Necr           0%           100%        4
 Olgreb's Toxic Radiance  Pois           1%           100%        4
 Borgnjor's Vile Clutch   Necr/Erth      0%           100%        5
 Lightning Bolt           Conj/Air       0%           100%        5
 Death Channel            Necr           0%           100%        6
 Simulacrum               Ice/Necr       0%           100%        6
 Ignition                 Fire           0%           100%        8
 Shatter                  Erth           0%           100%        9
 Tornado                  Air            0%           100%        9


Dungeon Overview and Level Annotations

Branches:
Dungeon (10/15)            Temple (1/1) D:5            Lair (6/6) D:8
 Shoals (0/4) Lair:2        Snake (0/4) Lair:4        Slime (0/5) Lair:6
    Orc (2/2) D:10          Sewer (visited)
    Elf: Orc:2

Altars:
Ashenzari
Cheibriados
Dithmenos
Elyvilon
Fedhas
Gozag
Hepliaklqana
Kikubaaqudgha
Makhleb
Nemelex Xobeh
Okawaru
Qazlal
Ru
Sif Muna
Trog
Uskayaw
Vehumet
Wu Jian
Xom
Yredelemnul
Zin
The Shining One
Jiyva

Annotations:
Lair:5 exclusion: oklob plant


Innate Abilities, Weirdness & Mutations

You are small and have problems with some larger weapons.
You are somewhat resistant to further mutation.


Message History

You are too injured to fight recklessly!
You are too injured to fight recklessly!
You are too injured to fight recklessly!
The orc wizard hits you but does no damage.
The orc sorcerer mumbles some strange words.
The orc high priest mumbles some strange prayers.
The orc high priest grunts loudly.
The orc sorcerer casts a spell at you. The bolt of negative energy hits you!!
You feel drained.
* * * LOW HITPOINT WARNING * * *
Things that are here:
a +0 dagger; a +0 robe Evoke which item? (* to show all) (? for menu, Esc to quit)
Okay, then.
Unknown command.
As you read the scroll of fog, it crumbles to dust.
The scroll dissolves into smoke.
The rust devil hits you. The rust devil corrodes you!
You block the orc wizard's attack.
The orc knight hits you with a +0 great mace!!
You die...

....$.........P.
......#....P.....
..............#...
##.$.........oo4....
........∩..........
#..$....43.........
##.....§.ooo.....#.
##.......§ooo......#
#........§@4)......#
#........§§T.......#
#.......§.§.........
#........$..........
##...^...##.........
#......##.#...#####
##..........#..#
#..............#
##........#...##


You could see an orc warlord (strong), an orc knight (strong), an orc high
priest (strong), an ice devil (summoned), a rust devil (summoned), a troll, a
sixfirhy (summoned), an orc sorcerer (strong), a red devil (summoned), 3 orc
warriors and an orc wizard (fast, strong).

Vanquished Creatures
  Jorgrun (Orc:1)
  A dire elephant (Lair:5)
  An ettin (Orc:2)
  Josephine (Orc:1)
  Harold (D:6)
  Fannar (Orc:1)
  8 hydras
  Erolcha (D:10)
  A catoblepas (Lair:6)
  A two-headed ogre (D:8)
  10 death yaks
  Nergalle (Lair:1)
  A lindwurm (Lair:6)
  An orc knight (Orc:1)
  2 manticores (Lair:6)
  22 elephants
  7 black mambas
  2 torpor snails
  9 cane toads
  3 rime drakes
  Maggie (Lair:1)
  9 komodo dragons
  A troll (Orc:2)
  4 polar bears
  Grinder (D:5)
  4 slime creatures (D:10)
  Prince Ribbit (D:6)
  19 blink frogs
  A snapping turtle (Lair:2)
  16 dream sheep
  Sigmund (D:4)
  3 wraiths (Orc:1)
  A spriggan (Lair:4)
  6 basilisks
  5 wyverns
  21 yaks
  A naga (Lair:4)
  Edmund (D:5)
  15 water moccasins
  9 orc warriors
  2 ice beasts
  3 sky beasts
  2 phantoms (D:4)
  5 black bears
  24 wolves
  7 ogres
  4 centaurs
  14 bullfrogs
  A scorpion (D:7)
  6 killer bees (D:8)
  19 wights
  6 electric eels
  3 howler monkeys (D:10)
  A quasit (D:5)
  A gnoll shaman (D:6)
  A jelly (D:10)
  11 orc priests
  2 centaur skeletons
  A hound (D:3)
  11 orc wizards
  3 iguanas
  A hell rat (Lair:6)
  5 worker ants
  21 adders
  3 gnolls (D:6)
  2 river rats (Sewer)
  3 shadow imps (D:7)
  3 white imps
  An ufetubus (D:6)
  An ooze (Sewer)
  An adder zombie (D:9)
  2 worms (D:2)
  3 dart slugs
  5 leopard geckos
  68 orcs
  A bat (D:2)
  A giant cockroach (D:3)
  4 goblins
  5 hobgoblins
  9 jackals
  5 quokkas
  8 ball pythons
  5 frilled lizards
  4 kobolds
  28 rats
511 creatures vanquished.

Vanquished Creatures (others)
  A killer bee (D:8)
  A bush (Lair:6)
  115 fungi
  96 plants
213 creatures vanquished.

Grand Total: 724 creatures vanquished

Notes
Turn   | Place    | Note
-------+----------+-------------------------------------------
     0 | D:1      | Froggeryz the Halfling Gladiator began the quest for the
                  | Orb.
     0 | D:1      | Reached XP level 1. HP: 14/14 MP: 1/1
   265 | D:1      | Reached skill level 4 in Short Blades
   610 | D:2      | Reached XP level 2. HP: 19/19 MP: 2/2
   709 | D:2      | Reached XP level 3. HP: 23/24 MP: 3/3
   777 | D:2      | Reached skill level 5 in Short Blades
   799 | D:2      | Found a glowing golden altar of the Shining One.
  1091 | D:2      | Reached XP level 4. HP: 28/29 MP: 4/4
  1203 | D:2      | Found a faded altar of an unknown god.
  1203 | D:2      | Found a sacrificial altar of Ru.
  1208 | D:2      | Found a white marble altar of Elyvilon.
  1307 | D:2      | Found an opulent altar of Gozag.
  1308 | D:2      | Found a basalt altar of Yredelemnul.
  1494 | D:3      | Reached skill level 6 in Short Blades
  1590 | D:3      | Found an iron altar of Okawaru.
  1599 | D:3      | Became a worshipper of Warmaster Okawaru
  1845 | D:3      | Reached XP level 5. HP: 33/34 MP: 5/5
  1889 | D:3      | Found a glowing drain.
  1893 | Sewer    | Entered a sewer
  2098 | Sewer    | Reached skill level 7 in Short Blades
  2405 | Sewer    | Reached XP level 6. HP: 35/39 MP: 6/6
  2724 | Sewer    | Reached * piety under Okawaru
  2728 | Sewer    | Reached skill level 1 in Shields
  2848 | Sewer    | Reached skill level 8 in Short Blades
  2972 | Sewer    | Reached XP level 7. HP: 39/44 MP: 7/7
  3652 | D:4      | Noticed Sigmund
  3671 | D:4      | Killed Sigmund
  3671 | D:4      | Reached ** piety under Okawaru
  4156 | D:4      | Reached skill level 9 in Short Blades
  4321 | D:4      | Reached XP level 8. HP: 43/49 MP: 8/8
  4627 | D:4      | Reached skill level 5 in Shields
  4719 | D:5      | Entered Level 5 of the Dungeon
  5185 | D:5      | Found a staircase to the Ecumenical Temple.
  5192 | D:5      | Reached skill level 1 in Armour
  5222 | Temple   | Entered the Ecumenical Temple
  5452 | D:5      | Noticed Edmund
  5453 | D:5      | Noticed Grinder
  5467 | D:5      | Killed Grinder
  5467 | D:5      | Reached *** piety under Okawaru
  5468 | D:5      | Reached skill level 10 in Short Blades
  5470 | D:5      | Killed Edmund
  6142 | D:6      | Reached XP level 9. HP: 34/54 MP: 9/9
  6627 | D:6      | Reached skill level 11 in Short Blades
  6737 | D:6      | Noticed Prince Ribbit
  6751 | D:6      | Killed Prince Ribbit
  6751 | D:6      | Reached **** piety under Okawaru
  6752 | D:6      | Reached skill level 5 in Armour
  7324 | D:7      | Noticed Harold
  7359 | D:6      | Killed Harold
  7359 | D:6      | Reached ***** piety under Okawaru
  7360 | D:6      | Reached skill level 12 in Short Blades
  7660 | D:7      | Reached XP level 10. HP: 37/63 MP: 10/10
  8070 | D:7      | Found a sparkling altar of Nemelex Xobeh.
  8375 | D:7      | Reached skill level 13 in Short Blades
  8651 | D:7      | Received a gift from Okawaru
  9103 | D:8      | Reached skill level 5 in Fighting
  9565 | D:8      | Found a bloodstained altar of Trog.
  9605 | D:8      | Noticed a death yak
  9606 | D:8      | Noticed a death yak
  9612 | D:8      | Noticed a death yak
  9613 | D:8      | Reached skill level 14 in Short Blades
  9770 | D:7      | Killed a death yak
  9993 | D:7      | Received a gift from Okawaru
 10121 | D:8      | Found a broken altar of Ashenzari.
 10526 | D:8      | Found a staircase to the Lair.
 10544 | D:8      | Reached XP level 11. HP: 74/74 MP: 11/11
 10758 | D:8      | Noticed a two-headed ogre
 10778 | D:8      | Killed a two-headed ogre
 11051 | Lair:1   | Entered Level 1 of the Lair of Beasts
 11678 | Lair:1   | Noticed Nergalle
 11695 | Lair:1   | Killed Nergalle
 11695 | Lair:1   | Received a gift from Okawaru
 11793 | Lair:1   | Reached skill level 10 in Fighting
 11797 | Lair:1   | Noticed Maggie
 11809 | Lair:1   | Killed Maggie
 11959 | Lair:1   | Reached ****** piety under Okawaru
 11984 | Lair:1   | Reached skill level 1 in Invocations
 12853 | Lair:1   | Received a gift from Okawaru
 12967 | Lair:1   | Reached XP level 12. HP: 64/87 MP: 15/15
 12976 | Lair:1   | Reached skill level 5 in Invocations
 13288 | Lair:2   | Noticed a seven-headed hydra
 13298 | Lair:2   | Killed a seven-headed hydra
 13399 | Lair:2   | Reached skill level 1 in Evocations
 13445 | Lair:2   | Noticed a six-headed hydra
 13466 | Lair:2   | Killed a six-headed hydra
 13871 | Lair:2   | Reached skill level 5 in Evocations
 14247 | Lair:2   | Found a staircase to the Shoals.
 14285 | Lair:2   | Received a gift from Okawaru
 14286 | Lair:2   | Got a slimy dagger {god gift}
 14287 | Lair:2   | Identified the +1 dagger "Ucafaiph" {holy, +Rage rC+ Dex+3}
                  | (Okawaru gifted it to you on level 2 of the Lair of Beasts)
 14456 | Lair:2   | Identified a scroll of acquirement
 14456 | Lair:2   | Acquired a manual of Translocations
 14568 | Lair:3   | Reached skill level 1 in Spellcasting
 15191 | Lair:3   | Noticed a death yak
 15192 | Lair:3   | Noticed a death yak
 15256 | Lair:4   | HP: 2/87 [death yak[a torpor snail] (22)]
 15260 | Lair:4   | Killed a death yak
 15655 | Lair:3   | Killed a death yak
 16244 | Lair:4   | Reached XP level 13. HP: 86/92 MP: 17/17
 16292 | Lair:4   | Noticed a five-headed hydra
 16293 | Lair:4   | Found a staircase to the Snake Pit.
 16310 | Lair:4   | Killed a five-headed hydra
 16310 | Lair:4   | Received a gift from Okawaru
 16552 | Lair:4   | Received a gift from Okawaru
 16665 | Lair:4   | Noticed a five-headed hydra
 16713 | Lair:4   | Killed a five-headed hydra
 17317 | Lair:5   | Reached skill level 1 in Long Blades
 17947 | Lair:6   | Entered Level 6 of the Lair of Beasts
 18713 | Lair:4   | HP: 4/92 [elephant (12)]
 19094 | Lair:5   | Noticed a dire elephant
 19452 | Lair:5   | Reached XP level 14. HP: 69/99 MP: 20/20
 19582 | Lair:5   | Received a gift from Okawaru
 19585 | Lair:5   | Got a crystal demon blade {god gift}
 19586 | Lair:5   | Identified the +3 demon blade of the Enemy {drain, Will+
                  | Str+3 SInv} (Okawaru gifted it to you on level 5 of the
                  | Lair of Beasts)
 19648 | Lair:5   | Reached skill level 10 in Shields
 20318 | Lair:5   | Reached skill level 5 in Long Blades
 20919 | Lair:5   | Killed a dire elephant
 20919 | Lair:5   | Received a gift from Okawaru
 21154 | Lair:6   | Received a gift from Okawaru
 22180 | Lair:6   | Received a gift from Okawaru
 23361 | Lair:6   | Found a viscous altar of Jiyva.
 23361 | Lair:6   | Found a staircase to the Slime Pits.
 23751 | Lair:6   | Reached XP level 15. HP: 84/103 MP: 21/21
 24686 | D:9      | Found a shimmering blue altar of Sif Muna.
 25184 | D:10     | Entered Level 10 of the Dungeon
 25330 | D:10     | Noticed Erolcha
 25345 | D:10     | Killed Erolcha
 25417 | D:10     | Found a staircase to the Orcish Mines.
 25609 | D:10     | Received a gift from Okawaru
 25711 | D:10     | Reached skill level 10 in Armour
 26126 | Orc:1    | Entered Level 1 of the Orcish Mines
 26126 | Orc:1    | Noticed Fannar
 26136 | Orc:1    | Killed Fannar
 26320 | Orc:1    | Noticed Jorgrun
 26333 | Orc:1    | Killed Jorgrun
 26334 | Orc:1    | Reached skill level 10 in Long Blades
 26459 | Orc:1    | Noticed Josephine
 26477 | Orc:1    | Killed Josephine
 26477 | Orc:1    | Received a gift from Okawaru
 26961 | Orc:2    | Entered Level 2 of the Orcish Mines
 27174 | Orc:2    | Noticed an orc warlord
 27184 | Orc:2    | Demolished by an orc knight

Illustrated notes

Levels and vault maps discovered:
D:1:      wander_arrival_peaceful_grave, layout_basic, minmay_misc_feat_rows
D:2:      layout_loops_cross, chequers_temple_overflow_minitemple,
          tso_metal_star
D:3:      layout_loops_ring, gup_sewer_entry_spiral, okawaru_trees_2
D:4:      layout_loops_ring, serial_bayou_pond_b, uniq_sigmund
D:5:      layout_basic, minmay_temple_entry_stoned_glass, corexii_checkpoint_a,
          uniq_grinder, uniq_edmund
D:6:      layout_basic, corexii_corridor_pit, uniq_prince_ribbit1
D:7:      layout_loops_ring, nemelex_xobeh_ov_fountains_minmay,
          chequers_decorated_corner, uniq_harold
D:8:      layout_loops_corners, ashenzari_conservatory_becter, bloody_trog,
          dpeg_lair_monsters
D:9:      layout_basic, general_overflow_altar
D:10:     layout_loops_ring, hiddenorc2_lemuel, uniq_erolcha
Temple:   eino_temple_water
Lair:1:   layout_big_grid, uniq_nergalle, uniq_maggie
Lair:2:   layout_chaotic_city, minmay_shoals_entry_hut, grunt_megastairs_2
Lair:3:   layout_chaotic_city, beast_lair_carwin_3, grunt_megastairs_5
Lair:4:   layout_roguey, guppyfry_snake_entry_island, lemuel_fruit_tree
Lair:5:   mu_elephants_graveyard, layout_long_grid, minmay_lair_oklob_bushes
Lair:6:   hangedman_lair_in_review, layout_long_grid,
          dpeg_slime_entry_enclosed_altar, infiniplex_staircase_pool
Orc:1:    layout_caves, nicolae_orc_damp_corner, nicolae_orc_lava_room,
          uniq_jorgrun, uniq_fannar, uniq_josephine
Orc:2:    grunt_orc_gardens, layout_caves, grunt_orc_garden, grunt_orc_garden,
          grunt_orc_garden, grunt_orc_garden, ebering_ghost_rock_garden,
          abandoned_shop

Skill      XL: |  1  2  3  4  5  6  7  8  9 10 11 12 13 14 15 |
---------------+----------------------------------------------+-----
Short Blades   | 4 5 6 7 8 9 10 12 14 | 14.0
Shields        | 2 4 5 9 10 | 10.5
Armour         | 4 5 6 9 10 | 10.2
Fighting       | 3 6 10 | 10.2
Invocations    | 4 6 |  6.5
Evocations     | 7 |  7.2
Spellcasting   | 3 4 |  4.5
Long Blades    | 3 9 11 | 11.0
Throwing       | 4 |  4.1
Dodging        | |  3.2

Action                   |  1- 3 |  4- 6 |  7- 9 | 10-12 | 13-15 || total
-------------------------+-------+-------+-------+-------+-------++-------
Melee: Rapier            |    77 |   243 |   323 |   727 |   591 ||  1961
       Unarmed           |       |       |    11 |       |       ||    11
       Quick blade       |       |       |       |   311 |   873 ||  1184
       Demon blade       |       |       |       |       |     8 ||     8
Throw: Throwing net      |       |       |     5 |       |       ||     5
       Dart              |       |       |       |    40 |     1 ||    41
Invok: Heroism           |       |       |     1 |     2 |     2 ||     5
       Finesse           |       |       |       |       |     2 ||     2
Evoke: Wand              |       |       |     5 |     9 |     9 ||    23
  Use: Scroll            |     1 |     1 |    10 |    16 |     9 ||    37
       Potion            |       |       |       |     6 |     2 ||     8
 Stab: Held in net/web   |       |       |     3 |       |       ||     3
       Distracted        |       |       |     1 |       |       ||     1
       Paralysed         |       |       |       |     1 |     2 ||     3
       Petrifying        |       |       |       |       |     3 ||     3
Armor: Leather armour    |     2 |       |       |       |       ||     2
       Scale mail        |    18 |    96 |    29 |       |       ||   143
       Chain mail        |       |       |    77 |   249 |   335 ||   661
Dodge: Dodged            |    32 |   171 |   135 |   287 |   291 ||   916
Block: Buckler           |     9 |    48 |    80 |   235 |   294 ||   666

Table legend: (Time is in decaauts)
 A = Elapsed time spent in this place.
 B = Non-inter-level travel time spent in this place.
 C = Inter-level travel time spent in this place.
 D = Time resting spent in this place.
 E = Time spent auto-exploring this place.
 F = Levels seen in this place.
 G = Mean time per level.
                   A        B        C        D        E       F      G
               +--------+--------+--------+--------+--------+-----+--------+
         Total |  25743 |  24830 |    913 |   8504 |  12004 |  20 | 1287.2 |
       Dungeon |  11471 |  11015 |    456 |   2358 |   6587 |  10 | 1147.1 |
        Temple |    209 |    195 |     14 |      0 |    181 |   1 |  209.0 |
          Lair |  11859 |  11428 |    431 |   5056 |   4513 |   6 | 1976.5 |
  Orcish Mines |    992 |    980 |     12 |    395 |    451 |   2 |  496.0 |
         Sewer |   1210 |   1210 |      0 |    695 |    271 |   1 | 1210.0 |
               +--------+--------+--------+--------+--------+-----+--------+

Top non-repeatable levels by time:
  Lair:6: 2977 daAuts
  Lair:5: 2746 daAuts
     D:6: 1929 daAuts
     D:8: 1865 daAuts
  Lair:1: 1694 daAuts
  Lair:4: 1694 daAuts
     D:7: 1636 daAuts
  Lair:3: 1587 daAuts
   Sewer: 1210 daAuts
  Lair:2: 1159 daAuts
     D:3: 1121 daAuts
     D:4: 979 daAuts
     D:2: 880 daAuts
     D:5: 848 daAuts
     D:9: 817 daAuts
